woodfighter, neutral female human Healer -------- ------ |<|>...---....| |^|-......``..| |^||.```|.`.`.| |^||....|.....| |^|------.----| |^| |....(_| |^------```I..| |..^^.........| |..-----......| ---- -------- woodfighter the Empiric Experience level: 5 Strength: 10 Dexterity: 10 Constitution: 15 Intelligence: 7 Wisdom: 18 Charisma: 17 Health: 0(32) Energy: 49(49) Def: 5 Gold: 4521 Moves: 2550 Dungeon seed: DIypY6DkhgjEiVbJ Game ID: woodfighter_1502657493 Your Inventory: Coins $ - 4521 gold pieces Weapons a - a +1 scalpel (weapon in hand) Armor e - an uncursed +1 pair of leather gloves (being worn) n - an uncursed +0 alchemy smock (being worn) r - an uncursed +0 orcish helm (being worn) C - an uncursed +0 pair of speed boots (being worn) Comestibles k - 5 blessed eucalyptus leaves l - 3 blessed sprigs of wolfsbane m - 4 blessed cloves of garlic o - 6 uncursed apples q - an uncursed sprig of wolfsbane t - 2 uncursed lichen corpses u - 2 uncursed tins of kobold meat v - an uncursed cram ration w - an uncursed tin of sewer rat meat H - 3 uncursed food rations U - 2 uncursed carrots Scrolls s - an uncursed scroll of identify B - a cursed scroll of teleportation D - a blessed scroll of identify F - an uncursed scroll of teleportation N - an uncursed scroll of water Q - an uncursed scroll of remove curse Spellbooks O - an uncursed spellbook of detect unseen Potions c - 4 uncursed potions of healing d - 3 uncursed potions of extra healing f - a blessed potion of extra healing z - an uncursed potion of booze L - an uncursed potion of speed Rings G - an uncursed ring of free action P - a cursed -2 ring of stealth S - an uncursed ring of invisibility Wands g - a wand of sleep (0:6) h - a wand of secret door detection (0:14) p - a wand of undead turning (0:4) A - a wand of enlightenment (0:14) I - a wand of enlightenment (0:15) T - a wand of lightning (0:7) Y - a wand of fire (0:8) Z - a wand of make invisible (0:5) Tools b - an uncursed stethoscope y - an uncursed skeleton key Spells and supernatural/magical abilities: Name Level Category Fail Memory h - healing 1 healing 43% 88% x - extra healing 3 healing 64% 88% S - stone to flesh 3 healing 75% 88% W - pray for help -- divine ? -- Your skills at the end: Miscellaneous Skills wands [Basic] Weapon Skills knife [Basic] Spellcasting Skills healing spells [Basic] Final Attributes: You were devoutly aligned. You were poison resistant. You were acid resistant. You were blinded. You were somewhat stealthy. You were very fast. You are dead. Vanquished creatures: a dingo a gnome lord a gray ooze a floating eye a homunculus a centipede a jitterbug an acid blob 2 geckos a giant rat 2 cave spiders a green mold 5 jackals a kobold 4 newts 3 goblins 3 sewer rats 2 grid bugs 3 bats 4 lichens a kobold zombie 40 creatures vanquished. Voluntary challenges: You did not adorn yourself with jewelry or accessories. You did not cause conflict. You were not invisible. You did not have reflection. You were not displaced. You used a wielded weapon 110 times, starting on turn 82. You did not apply a unicorn horn. You did not use plumbed fixtures. You did not drink any magical draughts. You read items or engraved 4 times, starting on turn 2330. You never genocided any monsters. You never polymorphed an object. You never changed form. You used no wishes. You never split a pudding. You never wrote Elbereth's name. You never violated your personal moral code. Dungeon overview: The Dungeons of Doom: levels 1 to 10 Level 1 a long staircase Level 2 a potion shop, a fountain Level 3 (locked box) a fountain stairs to The Gnomish Mines Level 4 an altar to Hermes, a fountain Level 5 Level 6 (stash) a sink Level 7 a fountain Level 8 a sink Level 9 Level 10 a sink stairs to Sokoban The Gnomish Mines: Level 4 stairs to The Dungeons of Doom Sokoban: Level 9 <- You were here an altar to Athena, a magic chest stairs to The Dungeons of Doom History has recorded: On T:1 you entered the Dungeons of Doom to retrieve the Amulet of Yendor! On T:24 you reached level 2 of The Dungeons of Doom. On T:424 you reached level 3 of The Dungeons of Doom. On T:665 you advanced to experience level 2. On T:804 you advanced to experience level 3. On T:821 you reached level 1 of The Gnomish Mines. On T:1054 you reached level 4 of The Dungeons of Doom. On T:1307 you reached level 5 of The Dungeons of Doom. On T:1426 you reached level 6 of The Dungeons of Doom. On T:1505 you advanced to experience level 4. On T:1619 you reached level 7 of The Dungeons of Doom. On T:1979 you reached level 8 of The Dungeons of Doom. On T:2162 you advanced to experience level 5. On T:2167 you reached level 9 of The Dungeons of Doom. On T:2281 you reached level 10 of The Dungeons of Doom. On T:2287 you reached level 4 of Sokoban. On T:2329 you opened a magic chest. Score breakdown: Gold: 2552 ( 255 points) Experience: 5 levels ( 400 points) Exploration: 10 levels ( 270 points) Discoveries: 22 items ( 1100 points) Variety of kills: 21 monsters ( 1050 points) Major goal: (nothing yet) ( 0 points) Survival: died (score multiplied by 3) Total score: 9225 Latest messages: Hello woodfighter, the human Healer, welcome back to NetHack! Now viewing Level 9. Press any key to return. You finish searching. (2x) You sense a monster nearby! You stop searching. Something just misses! Something claws you! Something bites! You slash something. (2x) Something claws you! (2x) Something bites! You slash something. Something claws you! (2x) Something bites! You die... Final status: Goodbye woodfighter the Healer, killed by a yeti... You died in Sokoban on dungeon level 9 with 9225 points, and 4521 pieces of gold, after 2550 moves. You were level 5 with a maximum of 32 hit points when you died.